 Dungeon Crawl Stone Soup version 0.24.0-13-gcf9b3192b9 (webtiles) character file.

Game seed: 229191354714775961, levelgen mode: deterministic

79 Lanoc the Skirmisher (level 4, -1/35 HPs)
             Began as a Demonspawn Warper on Nov 9, 2019.
             Was an Initiate of Cheibriados.
             Slain by an adder (4 damage)
             ... on level 3 of the Dungeon.
             The game lasted 00:03:58 (2509 turns).

Lanoc the Skirmisher (Demonspawn Warper)            Turns: 2509, Time: 00:03:59

Health: -1/35      AC:  1    Str: 12    XL:     4   Next: 17%
Magic:  7/7        EV: 13    Int: 12    God:    Cheibriados [......]
Gold:   183        SH:  0    Dex: 15    Spells: 7/7 levels left

rFire    . . .     SeeInvis .   v - +1 dagger (vamp)
rCold    . . .     Gourm    .   (no shield)
rNeg     . . .     Faith    .   b - +0 leather armour
rPois    .         Spirit   .   (no helmet)
rElec    .         Reflect  .   (no cloak)
rCorr    .         Harm     .   (no gloves)
MR       .....                  o - +0 pair of boots (curse)
Stlth    ++........             (no amulet)
HPRegen  0.11/turn              k - -3 ring of intelligence (curse)
MPRegen  0.10/turn              n - -3 ring of protection (curse)

@: lethally poisoned (-1 -> -8), very slightly contaminated, invisible, very
slow
A: hooves 1, nightstalker 1
a: Bend Time, Renounce Religion


You were on level 3 of the Dungeon.
You worshipped Cheibriados.
Cheibriados was noncommittal.
You were not hungry.

You visited 1 branch of the dungeon, and saw 3 of its levels.

You collected 183 gold pieces.

Inventory:

Hand Weapons
 a - a +1 spear
 v - a +1 vampiric dagger (weapon)
Missiles
 c - 6 boomerangs
 e - a boomerang of dispersal (quivered)
Armour
 b - a +0 leather armour (worn)
 o - a cursed +0 pair of boots (worn)
Jewellery
 k - a cursed -3 ring of intelligence (left hand)
 n - a cursed -3 ring of protection (right hand)
 s - an uncursed ring of poison resistance {unknown}
Scrolls
 d - a scroll of blinking
 h - 2 scrolls of amnesia
 i - 3 scrolls of identify
 j - 2 scrolls of teleportation
 t - a scroll of remove curse {unknown}
Potions
 g - a potion of agility {unknown}
 l - a potion of berserk rage
 m - a potion of haste
 p - a potion of invisibility
 q - a potion of cancellation {unknown}
 r - a potion of curing {unknown}
 w - a potion of ambrosia {unknown}
Comestibles
 f - 7 rations


   Skills:
 + Level 3.0 Fighting
 - Level 1.7 Polearms
 - Level 0.8 Throwing
 + Level 2.1 Armour
 + Level 2.7 Dodging
 * Level 0.2 Unarmed Combat
 - Level 2.0 Spellcasting
   Level 2.6 Translocations


You had 7 spell levels left.
You didn't know any spells.
Your spell library contained the following spells:

 Spells                   Type           Power        Failure   Level  Hunger
 Blink                    Tloc           N/A          17%         2    ###....
 Shroud of Golubria       Chrm/Tloc      #.....       30%         2    ###....
 Gell's Gravitas          Tloc           #.........   34%         3    ####...
 Lesser Beckoning         Tloc           #.........   34%         3    ####...
 Teleport Other           Tloc           #.......     34%         3    ####...
 Passage of Golubria      Tloc           N/A          75%         4    #####..


Dungeon Overview and Level Annotations

Branches:
Dungeon (3/15)

Altars:
Cheibriados
Xom

Annotations:
D:2 1 runed translucent door, Crazy Yiuf


Innate Abilities, Weirdness & Mutations

You have large cloven feet.
You are slightly more attuned to the shadows.


Message History

You feel sick. The adder bites you.
* * * LOW HITPOINT WARNING * * *
You barely miss the adder.
The adder is severely wounded.
* * * LOW HITPOINT WARNING * * *
You feel sick. The adder misses you.
You miss the adder.
The adder is severely wounded.
* * * LOW HITPOINT WARNING * * *
You feel sick. The adder completely misses you. The adder closely misses you.
It was a potion of invisibility.
You fade into invisibility!
* * * LOW HITPOINT WARNING * * *
You feel sick. The adder bites you.
* * * LOW HITPOINT WARNING * * *
You are very lightly contaminated with residual magic.
You barely miss the adder.
The adder is severely wounded.
The adder bites you.
You die...

.#..#...#.#..#...#
##.#...#.#......#
#.....#.#..##..####.
##....#.#...........
#.>.............#
##...#.##.##.##.#
#####.##.##.# #
#.##.##.##.##.#
#.##.##.@S.....
####.#####.##.# #..
.. #.# #.# .


You could see an adder.

Vanquished Creatures
  3 adders
  A worm (D:2)
  A dart slug (D:1)
  A leopard gecko (D:2)
  An orc (D:3)
  3 bats (D:2)
  7 goblins
  7 hobgoblins
  4 jackals (D:2)
  7 kobolds
  A quokka (D:3)
  4 frilled lizards
  4 rats (D:2)
  2 fungi (D:2)
46 creatures vanquished.

Notes
Turn   | Place    | Note
-------+----------+-------------------------------------------
     0 | D:1      | Lanoc the Demonspawn Warper began the quest for the Orb.
     0 | D:1      | Reached XP level 1. HP: 16/16 MP: 3/3
   104 | D:1      | Reached skill level 1 in Armour
   638 | D:1      | Gained mutation: You are slightly more attuned to the
                  | shadows. [demonic ancestry]
   638 | D:1      | Reached XP level 2. HP: 20/22 MP: 5/5
  1108 | D:2      | Found a snail-covered altar of Cheibriados.
  1141 | D:2      | Reached XP level 3. HP: 24/28 MP: 6/6
  1503 | D:2      | Found a shimmering altar of Xom.
  1854 | D:2      | Gained mutation: You have large cloven feet. [demonic
                  | ancestry]
  1854 | D:2      | Reached XP level 4. HP: 29/34 MP: 7/7
  1945 | D:2      | Found a runed translucent door.
  1946 | D:2      | Noticed Crazy Yiuf
  1996 | D:2      | Became a worshipper of Cheibriados the Contemplative
  2034 | D:3      | Reached skill level 3 in Fighting
  2509 | D:3      | Slain by an adder

Levels and vault maps discovered:
D:1:      dpeg_arrival_rooms_with_view, layout_loops_corners
D:2:      layout_rooms, cheibriados_altar_1, xom_teletrap_fun,
          uniq_crazy_yiuf_cottage
D:3:      layout_basic, okawaru_trees_1, grunt_dithmenos_smoke,
          gammafunk_temple_overflow_wave, first_ration, st_stairs_11, uniq_robin

Skill      XL: |  1  2  3  4 |
---------------+-------------+-----
Armour         | 1 2 |  2.1
Dodging        | 2 |  2.7
Fighting       | 3 |  3.0
Polearms       | |  1.7
Throwing       | |  0.8
Unarmed Combat | |  0.2
Spellcasting   | |  2.0
Translocations | |  2.6

Action                   |  1- 3 |  4- 6 || total
-------------------------+-------+-------++-------
Melee: Spear             |   161 |    48 ||   209
       Dagger            |       |    33 ||    33
Throw: Boomerang         |       |     4 ||     4
  Use: Scroll            |     5 |       ||     5
       Potion            |       |     1 ||     1
 Stab: Sleeping          |     2 |     1 ||     3
  Eat: Chunk             |     2 |     3 ||     5
Armor: Leather armour    |    29 |     3 ||    32
Dodge: Dodged            |    95 |    28 ||   123
